 Dungeon Crawl Stone Soup version 0.29-a0-887-gcbe080d7e0 (webtiles) character file.

Game seed: 2134047102843061920

429 iguanaiguana the Cleaver (level 6, 0/52 HPs)
             Began as a Minotaur Fighter on July 22, 2022.
             Was an Initiate of Okawaru.
             Killed from afar by Dowan (6 damage)
             ... with a shard of ice
             ... on level 5 of the Dungeon.
             The game lasted 00:03:30 (3844 turns).

iguanaiguana the Cleaver (Minotaur Fighter)         Turns: 3844, Time: 00:03:31

Health: 0/52       AC: 12    Str: 22    XL:     6   Next: 66%
Magic:  0/5        EV:  7    Int:  5    God:    Okawaru [......]
Gold:   173        SH:  4    Dex: 10    Spells: 5/5 levels left

rFire   + . .      SeeInvis .   a - +0 war axe
rCold   + . .      Faith    .   c - +0 buckler
rNeg    . . .      Spirit   +   o - +0 chain mail
rPois   +          Reflect  .   p - +1 hat
rElec   +          Harm     .   q - +0 cloak
rCorr   +          Rampage  .   (no gloves)
Will    .....                   r - +0 pair of boots
Stlth   ..........              s - amulet of guardian spirit
HPRegen 0.17/turn               (no ring)
MPRegen 0.09/turn               (no ring)

@: resistant, hasted, very quick
A: horns 2, retaliatory headbutt
a: Renounce Religion


You were on level 5 of the Dungeon.
You worshipped Okawaru.
Okawaru was noncommittal.
You visited 2 branches of the dungeon, and saw 6 of its levels.

You collected 173 gold pieces.

Inventory:

Hand Weapons
 a - a +0 war axe (weapon)
 j - a +0 battleaxe of freezing
Missiles
 g - 5 poisoned darts (quivered)
Armour
 b - a +0 scale mail
 c - a +0 buckler (worn)
 o - a +0 chain mail (worn)
 p - a +1 hat (worn)
 q - a +0 cloak (worn)
 r - a +0 pair of boots (worn)
Jewellery
 s - an amulet of guardian spirit (around neck)
Scrolls
 k - 4 scrolls of teleportation {@r3}
Potions
 e - 2 potions of degeneration
 f - a potion of lignification
 m - a potion of haste {@q4}
 n - 2 potions of cancellation


   Skills:
 - Level 3.9 Fighting
 + Level 8.2 Axes
 - Level 3.8 Armour
 - Level 0.8 Dodging
 - Level 3.9 Shields


You had 5 spell levels left.
You didn't know any spells.
Your spell library was empty.

Dungeon Overview and Level Annotations

Branches:
Dungeon (5/15)             Temple (1/1) D:4

Altars:
Ashenzari
Cheibriados
Dithmenos
Elyvilon
Gozag
Hepliaklqana
Kikubaaqudgha
Okawaru
Qazlal
Uskayaw
The Shining One

Annotations:
D:5 Dowan


Innate Abilities, Weirdness & Mutations

You have a pair of horns on your head.
You reflexively headbutt those who attack you in melee.


Message History

There is an entrance to an ossuary on this level.
Hurry and find it before the portal is buried!
Found 4 stones.
There is a stone staircase leading up here.
As you read the scroll labelled CAIRAEBA SOHEI, it crumbles to dust.
It is a scroll of identify.
e - 2 potions of degeneration
As you read the scroll of identify {@r1}, it crumbles to dust.
n - 2 potions of cancellation
As you read the scroll of identify {@r1}, it crumbles to dust.
m - 2 potions of haste
As you read the scroll of identify {@r1}, it crumbles to dust.
l - a potion of heal wounds
As you read the scroll of identify {@r1}, it crumbles to dust.
f - a potion of lignification
Okay, then.
As you read the scroll labelled QIACUF YLLAINU, it crumbles to dust.
You feel strangely unstable.
It was a scroll of teleportation.
Unknown command.
As you read the scroll labelled ELOEPTA OLYU, it crumbles to dust.
It is a scroll of enchant armour.
Your +0 hat glows green for a moment.
Your surroundings suddenly seem different.
Found 6 stones.
No target in view!
No target in view!
No target in view!
You open the door. You open the door.
Duvessa, Sister of Dowan comes into view.
She is wielding a +1 antimagic short sword.
Duvessa shouts!
You hear a shout!
Duvessa drinks a potion.
Duvessa seems to grow stronger.
Dowan, Brother of Duvessa comes into view.
He is wielding a +0 dagger.
Duvessa hits you with a +1 antimagic short sword!
You feel your power leaking away.
There is an open door, spattered with blood here.
You hit Duvessa. You headbutt Duvessa.
Duvessa is moderately wounded.
Dowan gestures at Duvessa while chanting.
Duvessa seems to speed up.
Duvessa barely misses you.
You hit Duvessa. Your headbutt misses Duvessa.
Duvessa is heavily wounded.
Duvessa hits you with a +1 antimagic short sword!
Duvessa hits you with a +1 antimagic short sword.
There are monsters nearby!
You are too injured to fight recklessly!
You are too injured to fight recklessly!
You are too injured to fight recklessly!
There are monsters nearby!
You are too injured to fight recklessly!
You are too injured to fight recklessly!
You are too injured to fight recklessly!
You aren't carrying any items that you can evoke.
Okay, then.
You feel yourself speed up.
Duvessa hits you with a +1 antimagic short sword!
You feel much better. You block Duvessa's attack.
It was a potion of resistance.
You feel protected.
Duvessa hits you with a +1 antimagic short sword.
You hit Duvessa. Your headbutt misses Duvessa.
Duvessa is heavily wounded.
Duvessa hits you with a +1 antimagic short sword!
You hit Duvessa. Your headbutt misses Duvessa.
Duvessa is severely wounded.
Duvessa hits you with a +1 antimagic short sword!
You barely miss Duvessa. You headbutt Duvessa!
Duvessa is almost dead.
Duvessa hits you with a +1 antimagic short sword.
You block Duvessa's attack.
Okay, then.
Really quaff the potion of lignification?
Okay, then.
Unknown command.
Unknown command.
You slash Duvessa!
You kill Duvessa!
Okawaru is honoured by your kill.
Dowan's eyes darken. "You have made a black mistake."
Dowan seems to find hidden reserves of power!
Your Axes skill increases to level 8!
Unknown command.
You miss Dowan. Your headbutt misses Dowan. Dowan hits you with a +0 dagger.
You hit Dowan but do no damage. You headbutt Dowan!
Dowan is moderately wounded.
Dowan says, "Magic will overcome all!"
Dowan points at you and mumbles some strange words.
The shard of ice hits you! You partially resist.
* * * LOW HITPOINT WARNING * * *
You closely miss Dowan. Your headbutt misses Dowan.
Dowan is moderately wounded.
Dowan hits you with a +0 dagger.
* * * LOW HITPOINT WARNING * * *
You slash Dowan!
Dowan is severely wounded.
Dowan gestures wildly while chanting.
Dowan blinks!
Found an escape hatch in the ceiling.
Dowan gestures at you while chanting. The shard of ice hits you!
You partially resist.
You die...

#####
#.###...####
#...'...'@.#
#.###e..##.#
#...# .#
#...# .#
#(..# .#
#...# <#
##### .. ..


You could see Dowan (fast).

Vanquished Creatures
  Duvessa (D:5)
  An ogre (D:4)
  A necrophage (D:4)
  A hound (D:4)
  Crazy Yiuf (D:3)
  An iguana (D:4)
  2 adders
  3 dart slugs (D:2)
  2 orcs
  7 bats
  8 endoplasms
  3 giant cockroaches
  6 hobgoblins
  7 kobolds
  4 quokkas
  11 ball pythons
  5 frilled lizards
  5 goblins
  5 rats
74 creatures vanquished.

Vanquished Creatures (others)
  3 fungi (D:3)
3 creatures vanquished.

Grand Total: 77 creatures vanquished

Notes
Turn   | Place    | Note
-------+----------+-------------------------------------------
     0 | D:1      | iguanaiguana the Minotaur Fighter began the quest for the
                  | Orb.
     0 | D:1      | Reached XP level 1. HP: 19/19 MP: 0/0
   165 | D:1      | Reached XP level 2. HP: 25/27 MP: 1/1
   379 | D:1      | Reached skill level 3 in Axes
   876 | D:2      | Reached XP level 3. HP: 33/33 MP: 2/2
  1438 | D:2      | Reached skill level 4 in Axes
  1880 | D:3      | Reached XP level 4. HP: 40/40 MP: 3/3
  2362 | D:3      | Found a runed translucent door.
  2363 | D:3      | Noticed Crazy Yiuf
  2370 | D:3      | Killed Crazy Yiuf
  2371 | D:3      | Reached skill level 5 in Axes
  2728 | D:4      | Noticed an ogre
  2734 | D:4      | Killed an ogre
  2735 | D:4      | Reached skill level 6 in Axes
  2735 | D:4      | Reached XP level 5. HP: 27/46 MP: 4/4
  2990 | D:4      | Found a staircase to the Ecumenical Temple.
  3037 | Temple   | Entered the Ecumenical Temple
  3082 | Temple   | Became a worshipper of Warmaster Okawaru
  3159 | D:4      | Reached skill level 7 in Axes
  3159 | D:4      | Reached XP level 6. HP: 45/52 MP: 5/5
  3556 | D:4      | Found a glowing golden altar of the Shining One.
  3816 | D:5      | Entered Level 5 of the Dungeon
  3829 | D:5      | Noticed Duvessa
  3830 | D:5      | Noticed Dowan
  3839 | D:5      | Killed Duvessa
  3840 | D:5      | Reached skill level 8 in Axes
  3844 | D:5      | Killed from afar by Dowan

Illustrated notes

Levels and vault maps discovered:
D:1:      amcnicky_arrival_choice, layout_rooms
D:2:      layout_basic
D:3:      minmay_door_path, layout_loops_ring, uniq_crazy_yiuf_cottage
D:4:      layout_basic, mainiacjoe_overflow_alcove_4,
          minmay_temple_entry_arrows, serial_glass, glass_columns_a,
          glass_columns_a, glass_columns_c, glass_columns_a, glass_columns_a,
          glass_columns_b
D:5:      layout_basic, nzn_wu_jian_contemplation, grunt_temple_overflow_open,
          bloody_makhleb, nicolae_ossuary_entry_monument, minmay_quadrilaterals,
          uniq_duvessa, uniq_eustachio
Temple:   nicolae_temple_bog_church

Skill      XL: |  1  2  3  4  5  6 |
---------------+-------------------+-----
Axes           | 3 4 6 7 8 |  8.2
Fighting       | |  3.9
Armour         | |  3.8
Dodging        | |  0.8
Shields        | |  3.9

Action                   |  1- 3 |  4- 6 || total
-------------------------+-------+-------++-------
Melee: War axe           |    97 |    61 ||   158
       Headbutt          |    12 |    10 ||    22
  Use: Potion            |       |     4 ||     4
       Scroll            |       |     7 ||     7
Armor: Scale mail        |    40 |       ||    40
       Chain mail        |     9 |    21 ||    30
Dodge: Dodged            |    50 |    18 ||    68
Block: Buckler           |    23 |    11 ||    34

Table legend: (Time is in decaauts)
 A = Elapsed time spent in this place.
 B = Non-inter-level travel time spent in this place.
 C = Inter-level travel time spent in this place.
 D = Time resting spent in this place.
 E = Time spent auto-exploring this place.
 F = Levels seen in this place.
 G = Mean time per level.
                   A        B        C        D        E       F      G
               +--------+--------+--------+--------+--------+-----+--------+
         Total |   3894 |   3684 |    210 |    270 |   2886 |   6 |  649.0 |
       Dungeon |   3830 |   3640 |    190 |    270 |   2851 |   5 |  766.0 |
        Temple |     63 |     43 |     20 |      0 |     35 |   1 |   63.0 |
               +--------+--------+--------+--------+--------+-----+--------+

Top non-repeatable levels by time:
     D:4: 1314 daAuts
     D:2: 862 daAuts
     D:1: 816 daAuts
     D:3: 811 daAuts
  Temple: 63 daAuts
     D:5: 25 daAuts
